 Dungeon Crawl Stone Soup version 0.22-a0-833-g8522bf8125 (webtiles) character file.

351497 Mirvelgyr the Slayer (level 23, -8/207 HPs)
             Began as a Formicid Fighter on July 25, 2018.
             Was the Champion of Okawaru.
             Killed from afar by a raiju (10 damage)
             ... with a living lightning
             ... on level 5 of the Abyss.
             The game lasted 01:45:24 (46399 turns).

Mirvelgyr the Slayer (Formicid Fighter)            Turns: 46399, Time: 01:45:25

Health: -8/207     AC: 38    Str: 33    XL:     23   Next: 25%
Magic:  33/33      EV: 10    Int:  5    God:    Okawaru [******]
Gold:   1003       SH: 32    Dex:  6    Spells: 19/24 levels left

rFire    . . .     SeeInvis +   s - +5 great mace (protect)
rCold    + + .     Gourm    .   b - +4 large shield {rC+}
rNeg     . . .     Faith    .   H - +7 plate armour of Umei {rC+}
rPois    .         Spirit   .   (helmet unavailable)
rElec    .         Reflect  +   M - +2 cloak {MR+}
rCorr    .         Harm     .   U - +2 pair of gloves {Str+3}
MR       ++++.                  V - +0 pair of boots
Stlth    ..........             u - +5 amulet of reflection
HPRegen  0.00/turn              G - +6 ring of protection
MPRegen  0.23/turn              E - ring of protection from magic

@: non-regenerating, diseased
A: permanent stasis, dig shafts and tunnels, four strong arms, antennae 3,
[clumsy 2], [deterioration 2], [dopey 2]
}: 2/15 runes: barnacled, gossamer
a: Dig, Shaft Self, Heroism, Finesse, Renounce Religion


You were on level 5 of the Abyss.
You worshipped Okawaru.
Okawaru was exalted by your worship.
You were completely stuffed.

You visited 6 branches of the dungeon, and saw 36 of its levels.
You visited the Abyss 1 time.
You also visited: Ice Cave and Desolation.

You collected 4393 gold pieces.
You spent 3390 gold pieces at shops.

Inventory:

Hand Weapons
 i - a +1 broad axe of distortion
 s - a +5 great mace of protection (weapon)
 y - the +9 flail of Moah {venom, rC+ rN+ MP+9}
   (Okawaru gifted it to you on level 4 of the Spider Nest)

   It poisons the flesh of those it strikes.
   It protects you from cold.
   It protects you from negative energy.
   It affects your magic capacity (+9).
 T - a +2 dire flail of holy wrath
Armour
 b - a +4 large shield of cold resistance (worn)
 w - a scarf of resistance
 H - the +7 plate armour of Umei (worn) {rC+}
   (Okawaru gifted it to you on level 3 of the Lair of Beasts)

   It protects you from cold.
 M - a +2 cloak of magic resistance (worn)
 U - a +2 pair of gloves of strength (worn)
 V - a +0 pair of boots (worn)
Jewellery
 g - an uncursed ring of resist corrosion
 p - an uncursed ring of protection from fire
 u - a +5 amulet of reflection (around neck)
 D - an uncursed ring of positive energy
 E - a ring of protection from magic (right hand)
 G - a +6 ring of protection (left hand)
 R - the ring "Nuitzu" {rF+ rN+ Dex+2}
   (You found it on level 4 of the Vaults)

   [ring of positive energy]

   It affects your dexterity (+2).
   It protects you from fire.
   It protects you from negative energy.
 W - an uncursed amulet of regeneration
Wands
 e - a wand of acid (10)
 r - a wand of iceblast (24)
 z - a wand of paralysis (54)
 O - a wand of digging (11)
 P - a wand of disintegration (9)
Scrolls
 a - 7 scrolls of amnesia
 c - a scroll of magic mapping
 h - a scroll of silence
 j - 4 scrolls of fear
 k - 18 scrolls of remove curse
 n - 4 scrolls of fog
 t - 9 scrolls of immolation
 C - a scroll of enchant weapon
 I - a scroll of identify
 J - a scroll of torment
Potions
 d - 7 potions of brilliance
 m - 2 potions of heal wounds
 o - 5 potions of curing
 q - a potion of magic
 v - 5 potions of flight
 x - 3 potions of might
 A - 2 potions of cancellation
 B - 2 potions of resistance
 L - a potion of agility
 N - 3 potions of mutation
 Y - a potion of invisibility
Miscellaneous
 F - a lightning rod (4/4)
Comestibles
 f - 68 rations


   Skills:
 + Level 23.4 Fighting
 * Level 19.0 Maces & Flails
 + Level 14.1 Armour
 - Level 7.7 Dodging
 + Level 18.6 Shields
 - Level 1.4 Spellcasting
 - Level 1.5 Summonings
 + Level 13.6 Invocations


You had 19 spell levels left.
You knew the following spells:

 Your Spells              Type           Power        Failure   Level  Hunger
a - Call Imp              Summ           #.......     88%         2    ###....
b - Regeneration          Chrm/Necr      #.........   100%        3    ####...

Your spell library contained the following spells:

 Spells                   Type           Power        Failure   Level  Hunger
 Cause Fear               Hex            #.........   100%        4    #####..
 Magic Dart               Conj           #...         92%         1    ##.....
 Apportation              Tloc           #.....       92%         1    ##.....
 Conjure Flame            Conj/Fire      #.......     100%        3    ####...
 Slow                     Hex            #.......     98%         2    ###....
 Confuse                  Hex            #.......     100%        3    ####...
 Invisibility             Hex            #.......     100%        6    #######
 Throw Frost              Conj/Ice       #.....       98%         2    ###....
 Freezing Cloud           Conj/Ice/Air   #.........   100%        6    #######
 Mephitic Cloud           Conj/Pois/Air  #.......     100%        3    ####...
 Ring of Flames           Chrm/Fire      #.........   100%        7    #######
 Venom Bolt               Conj/Pois      #.........   100%        5    ######.
 Blink                    Tloc           N/A          98%         2    ###....
 Iskenderun's Mystic Bla  Conj           #.......     100%        4    #####..
 Animate Dead             Necr           N/A          100%        4    #####..
 Pain                     Necr           #...         92%         1    ##.....
 Animate Skeleton         Necr           N/A          92%         1    ##.....
 Vampiric Draining        Necr           #.........   100%        3    ####...
 Freeze                   Ice            #...         92%         1    ##.....
 Summon Ice Beast         Ice/Summ       #.......     100%        4    #####..
 Ozocubu's Armour         Chrm/Ice       #.......     100%        3    ####...
 Tukima's Dance           Hex            #.......     100%        3    ####...
 Corpse Rot               Necr           N/A          98%         2    ###....
 Stone Arrow              Conj/Erth      #.....       100%        3    ####...
 Shock                    Conj/Air       #...         92%         1    ##.....
 Statue Form              Tmut/Erth      #........    100%        6    #######
 Dragon Form              Tmut           #.........   100%        7    #######
 Deflect Missiles         Chrm/Air       #.........   100%        6    #######
 Throw Icicle             Conj/Ice       #.......     100%        4    #####..
 Confusing Touch          Hex            #.....       92%         1    ##.....
 Passwall                 Tmut/Erth      #.......     98%         2    ###....
 Call Canine Familiar     Summ           #.......     98%         3    ####...
 Metabolic Englaciation   Hex/Ice        #.........   100%        5    ######.
 Summon Butterflies       Summ           #.......     77%         1    ##.....
 Silence                  Hex/Air        #.........   100%        5    ######.
 Corona                   Hex            #......      92%         1    ##.....
 Alistair's Intoxication  Tmut/Pois      #.......     100%        5    ######.
 Lee's Rapid Deconstruct  Erth           #.........   100%        5    ######.
 Sandblast                Erth           #.....       92%         1    ##.....
 Conjure Ball Lightning   Conj/Air       #.........   100%        6    #######
 Petrify                  Tmut/Erth      #.......     100%        4    #####..
 Leda's Liquefaction      Hex/Erth       #.........   100%        4    #####..
 Summon Hydra             Summ           #.........   100%        7    #######
 Fulminant Prism          Conj/Hex       #.........   100%        4    #####..
 Dazzling Spray           Conj/Hex       #.....       100%        3    ####...
 Force Lance              Conj/Tloc      #.......     100%        4    #####..
 Spectral Weapon          Hex/Chrm       #.......     100%        3    ####...
 Searing Ray              Conj           #.....       98%         2    ###....
 Discord                  Hex            #.........   100%        8    #######
 Summon Forest            Summ/Tloc      #.........   100%        5    ######.
 Summon Mana Viper        Hex/Summ       #.......     100%        5    ######.
 Hydra Form               Tmut           #.........   100%        6    #######
 Irradiate                Conj/Tmut      #.........   100%        5    ######.
 Gell's Gravitas          Tloc           #.........   100%        3    ####...
 Yara's Violent Unravell  Hex/Tmut       #.........   100%        5    ######.
 Lesser Beckoning         Tloc           #.........   100%        3    ####...
 Poisonous Vapours        Pois/Air       #.....       98%         2    ###....


Dungeon Overview and Level Annotations

Branches:
Dungeon (15/15)            Temple (0/1) D:6            Lair (6/6) D:11
 Shoals (4/4) Lair:4       Spider (4/4) Lair:4        Slime (0/5) Lair:5
    Orc (2/2) D:9             Elf (0/3) Orc:2        Vaults (5/5) D:13
  Crypt (0/3) Vaults:3     Depths (0/5) D:15

Altars:
Ashenzari
Gozag
Kikubaaqudgha
Okawaru
Ru
Vehumet
Xom
The Shining One
Beogh

Shops:
D:15 }*}[   Orc:2 ([:*   Shoals:2 **   Vaults:1 ?


Innate Abilities, Weirdness & Mutations

You cannot be hasted, slowed, berserked, paralysed or teleported.
You can dig through walls and to a lower floor.
Your four strong arms can wield two-handed weapons with a shield.
You have a pair of large antennae on your head. (SInv)
[You are very clumsy. (Dex -4)]
[Your body often deteriorates upon taking damage.]
[You are very dopey. (Int -4)]


Message History

The living lightning hits the raiju.
The raiju completely resists.
The living lightning hits you!
* * * LOW HITPOINT WARNING * * *
The living lightning hits you!
The raiju blinks! x3
An ancient zyme comes into view.
You feel yourself growing ill in the presence of the ancient zyme.
The sun demon is lost in a daze.
A raiju comes into view.
The smoke demon is lost in a daze.
The golden eye blinks!
A raiju comes into view.
You feel ill. You block the raiju's attack.
The raiju bursts into living lightning!
The living lightning misses the raiju.
The living lightning hits the raiju.
The raiju completely resists.
The living lightning hits you!
* * * LOW HITPOINT WARNING * * *
The raiju blinks!
The raiju bursts into living lightning!
The living lightning hits the raiju.
The raiju completely resists.
The living lightning hits you!
You die...

.≈ . # . ≈≈ . .
≈≈# #≈# . . ≈≈
≈≈≈≈ . # .
#≈##≈≈#≈ .. #
.≈≈≈≈≈≈≈ . #
#.###..≈.... .. .
.# #...h##..## ..
. #..@Gh...### .
). . #
.#..###h....... .
.#####.hh#x....
####.###3##......#
#.#.##≈.≈.≈§.≈....
#.§ ##3###+#'.....
##§##)§{≈E*≈'.h...
##§#.§#≈.G≈#≈h.##
#...#.+ .≈#.##.


You could see an ancient zyme, 7 raiju and a golden eye.

Vanquished Creatures
  Boris (Vaults:3)
  Jorgrun (Vaults:3)
  Rupert (D:12)
  Frances (D:13)
  An Executioner (Abyss:5)
  Kirke (Shoals:4)
  Roxanne (Shoals:1)
  Louise (D:15)
  3 frost giants
  4 vault wardens
  2 ghost moths (Spider:4)
  2 imperial myrmidons (Desolation)
  A curse skull (Vaults:3)
  A ghoul (Vaults:1)
  An orc warlord (Orc:2)
  The ghost of Ceil the Immaculate, a journeyman HaHu of Zin (Shoals:2)
  9 emperor scorpions
  4 very ugly things (Vaults:3)
  7 entropy weavers
  6 stone giants
  6 ironheart preservers
  The ghost of Gingernuke the Bludgeoner, a journeyman MiBe of Trog (Lair:6)
  2 deep elf demonologists (Vaults:1)
  A dire elephant (Lair:6)
  A deep elf annihilator (Vaults:3)
  Snorg (D:11)
  2 merfolk javelineers
  9 ogre magi
  4 yaktaur captains
  An ettin (Vaults:4)
  4 crystal guardians (Desolation)
  9 merfolk impalers
  2 great orbs of eyes
  3 fire dragons
  An ice dragon (Vaults:2)
  10 hydras
  27 vault guards
  7 ragged hierophants (Desolation)
  A rakshasa (Vaults:3)
  5 peacekeepers
  10 servants of whispers (Desolation)
  2 merfolk avatars
  6 centaur warriors
  2 catoblepae
  2 alligator snapping turtles
  4 death knights
  24 two-headed ogres
  3 tengu warriors
  4 satyrs
  Erica (D:8)
  4 merfolk aquamancers
  14 death yaks
  A deep troll shaman (Vaults:3)
  3 orc high priests
  A deep troll earth mage (Vaults:3)
  2 spriggans (Lair:6)
  4 hell knights (Abyss:5)
  A soul eater (Abyss:5)
  2 deep elf knights
  2 shadow wraiths
  Nergalle (Orc:2)
  A wretched star (Abyss:5)
  2 spatial maelstroms (Abyss:5)
  5 skeletal warriors
  A swamp dragon (Lair:6)
  9 sea snakes
  4 deep trolls
  A glowing orange brain (Abyss:5)
  2 unseen horrors
  2 flayed ghosts
  An obsidian statue (Shoals:2)
  3 necromancers
  18 orc knights
  An orb spider (shapeshifter) (Vaults:1)
  6 deep elf archers
  8 ironbrand convokers
  A lindwurm (Lair:6)
  3 wizards
  12 harpies
  8 orc sorcerers
  45 wolf spiders
  23 orb spiders
  5 oklob plants
  4 cyclopes
  6 deep elf magi
  25 fauns
  8 ugly things
  A frost giant zombie (Vaults:4)
  16 manticores
  3 centaur zombies
  5 elephants (Lair:3)
  An apocalypse crab (Abyss:5)
  4 moths of wrath
  2 guardian serpents (Desolation)
  Joseph (D:8)
  7 merfolk sirens
  7 black mambas
  2 ice statues (IceCv)
  5 water nymphs
  Psyche (D:12)
  8 vault sentinels
  A gargoyle (D:9)
  A torpor snail (Spider:4)
  14 spiny frogs
  A naga mage (D:15)
  2 centaur skeletons
  4 kobold demonologists
  A hellion (Abyss:5)
  9 freezing wraiths
  14 demonic crawlers
  7 komodo dragons
  14 ice devils (IceCv)
  4 rime drakes (Lair:6)
  14 yaktaurs
  A tengu conjurer (D:13)
  17 trolls
  A merfolk (shapeshifter) (D:15)
  3 meliai (D:15)
  37 jumping spiders
  4 polar bears
  A queen bee (Lair:2)
  7 wind drakes
  A hornet (shapeshifter) (Vaults:2)
  53 saltlings
  12 hornets
  14 hippogriffs
  37 merfolk
  4 dream sheep (Lair:6)
  14 blink frogs
  7 raiju (Abyss:5)
  A frost giant simulacrum (Vaults:4)
  A stone giant simulacrum (Vaults:4)
  12 snapping turtles
  17 slime creatures
  A centaur simulacrum (D:15)
  4 starcursed masses (Abyss:5)
  45 tarantellas
  5 wraiths
  66 redbacks
  10 water elementals
  A shadow (D:14)
  A ynoxinul (Abyss:5)
  57 yaks
  2 wyverns
  5 hogs
  A golden eye (Abyss:5)
  5 hungry ghosts
  3 large abominations (Abyss:5)
  3 vampire mosquitoes (D:15)
  4 basilisks
  A chaos spawn (Abyss:5)
  Eustachio (D:6)
  3 steam dragons
  12 wargs
  A soldier ant (D:12)
  14 water moccasins
  A floating eye (shapeshifter) (Vaults:3)
  7 porcupines
  6 acid dragons
  2 hornet zombies
  3 black bears
  5 ice beasts
  44 orc warriors
  4 phantoms
  6 sky beasts
  A swamp drake (Lair:6)
  An eye of draining (D:11)
  A boggart (Lair:6)
  12 centaurs
  32 ogres
  21 wolves
  9 crocodiles
  5 big kobolds
  Blork the orc (Orc:2)
  20 bullfrogs
  A human zombie (Vaults:4)
  A gnoll sergeant (D:7)
  A wyvern zombie (D:8)
  4 small abominations (Abyss:5)
  2 wyvern skeletons
  5 scorpions
  2 water moccasin skeletons
  27 killer bees
  19 wights
  2 electric eels
  2 howler monkeys
  12 crimson imps
  A quasit (D:14)
  8 hounds
  4 jellies
  3 bullfrog skeletons
  24 orc priests
  33 orc wizards
  Jessica (D:2)
  4 iguanas
  Natasha (thrice) (D:3)
  Terence (D:3)
  14 worker ants
  6 ogre zombies (D:9)
  A hound skeleton (D:7)
  A howler monkey zombie (D:5)
  8 gnolls
  15 adders
  3 howler monkey skeletons
  2 shadow imps
  8 white imps (IceCv)
  7 ufetubi (IceCv)
  7 oozes
  2 worms (Lair:4)
  3 dart slugs
  8 leopard geckos
  113 orcs
  5 bats
  5 giant cockroaches
  5 goblins
  9 hobgoblins
  15 jackals
  11 kobolds
  4 quokkas
  A ball python skeleton (D:4)
  6 frilled lizards
  2 goblin skeletons (D:9)
  2 goblin zombies (D:9)
  A hobgoblin zombie (D:9)
  A jackal skeleton (D:9)
  An orc skeleton (D:9)
  13 orc zombies (D:9)
  4 rats
  A plant (Lair:5)
1706 creatures vanquished.

Vanquished Creatures (others)
  5 merfolk javelineers
  A blizzard demon (IceCv)
  A yaktaur captain (Vaults:4)
  A merfolk aquamancer (Shoals:4)
  A two-headed ogre (Vaults:1)
  An unseen horror (D:15)
  An ironbrand convoker (Vaults:1)
  A deep elf mage (Vaults:3)
  A deep elf archer (Vaults:1)
  3 fauns
  3 cyclopes
  A merfolk siren (Shoals:4)
  7 yaktaurs
  A merfolk (Shoals:3)
  A jumping spider (Spider:2)
  5 humans (Shoals:4)
  An orc warrior (D:15)
  8 centaurs
  An orc priest (Orc:2)
  2 ufetubi (IceCv)
  2 orcs
  2 fungi (Lair:6)
  15 plants
65 creatures vanquished.

Grand Total: 1771 creatures vanquished

Notes
Turn   | Place    | Note
-------+----------+-------------------------------------------
     0 | D:1      | Mirvelgyr the Formicid Fighter began the quest for the Orb.
     0 | D:1      | Reached XP level 1. HP: 18/18 MP: 1/1
   106 | D:1      | Reached XP level 2. HP: 19/24 MP: 2/2
   648 | D:2      | Reached XP level 3. HP: 21/29 MP: 3/3
   919 | D:2      | Found an ancient bone altar of Kikubaaqudgha.
  1038 | D:2      | Noticed Jessica
  1058 | D:2      | Killed Jessica
  1058 | D:2      | Reached XP level 4. HP: 17/35 MP: 4/4
  1645 | D:3      | Reached skill level 5 in Shields
  1729 | D:3      | Reached XP level 5. HP: 39/41 MP: 5/5
  2006 | D:3      | Noticed Terence
  2023 | D:3      | Killed Terence
  2094 | D:3      | Found an iron altar of Okawaru.
  2105 | D:3      | Noticed Natasha
  2117 | D:3      | Killed Natasha
  2117 | D:3      | Reached XP level 6. HP: 23/47 MP: 6/6
  2492 | D:3      | Noticed Natasha
  2537 | D:3      | Killed Natasha
  2792 | D:3      | Noticed Natasha
  2806 | D:3      | Killed Natasha
  2813 | D:3      | Became a worshipper of Warmaster Okawaru
  3273 | D:4      | Noticed an ogre
  3286 | D:4      | Killed an ogre
  3286 | D:4      | Reached skill level 5 in Maces & Flails
  3286 | D:4      | Reached XP level 7. HP: 13/52 MP: 7/7
  3540 | D:4      | Reached * piety under Okawaru
  3810 | D:5      | Entered Level 5 of the Dungeon
  3964 | D:5      | Reached XP level 8. HP: 27/58 MP: 8/8
  4825 | D:6      | Reached ** piety under Okawaru
  4849 | D:6      | Reached skill level 4 in Fighting
  4947 | D:6      | Reached XP level 9. HP: 61/65 MP: 7/9
  4965 | D:6      | Noticed Eustachio
  4968 | D:6      | You fall through a shaft!
  5383 | D:7      | Reached skill level 5 in Armour
  5439 | D:7      | Reached skill level 5 in Fighting
  6009 | D:6      | Reached *** piety under Okawaru
  6110 | D:6      | Found a staircase to the Ecumenical Temple.
  6147 | D:6      | Killed Eustachio
  6230 | D:6      | Reached XP level 10. HP: 73/75 MP: 10/10
  6645 | D:7      | Reached skill level 6 in Fighting
  6668 | D:7      | Reached **** piety under Okawaru
  7134 | D:8      | Reached skill level 10 in Maces & Flails
  7734 | D:8      | Noticed Erica
  7746 | D:8      | Killed Erica
  7746 | D:8      | Reached skill level 1 in Invocations
  8146 | D:8      | Noticed Joseph
  8168 | D:8      | Killed Joseph
  8428 | D:9      | Reached XP level 11. HP: 71/83 MP: 11/14
  8432 | D:9      | Reached skill level 5 in Invocations
  8700 | D:9      | Reached ***** piety under Okawaru
  8904 | D:9      | Found a shimmering altar of Xom.
  9047 | D:9      | Reached skill level 7 in Fighting
  9069 | D:9      | Noticed a two-headed ogre
  9086 | D:9      | Killed a two-headed ogre
  9086 | D:9      | Reached skill level 10 in Shields
  9282 | D:9      | Found a staircase to the Orcish Mines.
  9748 | D:10     | Entered Level 10 of the Dungeon
  9818 | D:10     | Received a gift from Okawaru
 10547 | D:11     | Found a staircase to the Lair.
 10588 | D:11     | Noticed a manticore
 10597 | D:11     | Killed a manticore
 10597 | D:11     | Reached XP level 12. HP: 75/92 MP: 15/18
 10902 | D:11     | Reached skill level 8 in Fighting
 10929 | D:11     | Noticed Snorg
 10951 | D:11     | Killed Snorg
 11432 | D:12     | Noticed Rupert
 11454 | D:12     | Killed Rupert
 11454 | D:12     | Received a gift from Okawaru
 11903 | D:12     | Found a shattered altar of Ashenzari.
 12061 | D:12     | Reached ****** piety under Okawaru
 12225 | D:12     | Received a gift from Okawaru
 12225 | D:12     | Reached skill level 9 in Fighting
 12251 | D:12     | Noticed Psyche
 12258 | D:12     | Killed Psyche
 12657 | D:13     | Reached XP level 13. HP: 98/101 MP: 19/19
 12738 | D:13     | Found a radiant altar of Vehumet.
 12791 | D:13     | Found a sacrificial altar of Ru.
 13103 | D:13     | Received a gift from Okawaru
 13260 | D:13     | Noticed a vault guard
 13267 | D:13     | Noticed a vault guard
 13269 | D:13     | Noticed a vault guard
 13294 | D:13     | Killed a vault guard
 13302 | D:13     | Noticed a vault guard
 13543 | D:13     | Killed a vault guard
 13551 | D:13     | Killed a vault guard
 13560 | D:13     | Killed a vault guard
 13560 | D:13     | Reached skill level 10 in Armour
 13630 | D:13     | Found a gate to the Vaults.
 13643 | D:13     | Noticed a vault guard
 13646 | D:13     | Reached skill level 10 in Fighting
 13647 | D:13     | Noticed a vault guard
 13650 | D:13     | Noticed a vault guard
 13660 | D:13     | Killed a vault guard
 13673 | D:13     | Killed a vault guard
 13683 | D:13     | Killed a vault guard
 13689 | D:13     | Received a gift from Okawaru
 13775 | D:13     | Noticed a vault guard
 13785 | D:13     | Killed a vault guard
 14274 | D:13     | Noticed an eight-headed hydra
 14285 | D:13     | Killed an eight-headed hydra
 14497 | D:13     | Noticed Frances
 14511 | D:13     | Killed Frances
 14511 | D:13     | Reached XP level 14. HP: 84/110 MP: 18/20
 14663 | D:14     | Found a huge runed gate.
 14663 | D:14     | Found a huge runed gate.
 14663 | D:14     | Found a huge runed gate.
 14663 | D:14     | Found a huge runed gate.
 15259 | D:14     | Reached skill level 15 in Shields
 15821 | D:15     | Entered Level 15 of the Dungeon
 15821 | D:15     | Found Hyoronko's Gadget Emporium.
 15907 | D:15     | Noticed Louise
 15936 | D:15     | Killed Louise
 16388 | D:15     | Found a glowing golden altar of the Shining One.
 16451 | D:15     | Found Tennuam's Gadget Emporium.
 16460 | D:15     | Found Niulom's Assorted Antiques.
 16473 | D:15     | Found Ripar's Antique Armour Shop.
 16580 | D:15     | Bought a white potion for 27 gold pieces
 16583 | D:15     | Learned a level 2 spell: Call Imp
 16597 | D:15     | Bought a runed cloak for 270 gold pieces
 16607 | D:15     | Identified a scroll of acquirement
 16859 | D:15     | Received a gift from Okawaru
 16877 | D:15     | Reached skill level 1 in Spellcasting
 16877 | D:15     | Reached skill level 1 in Summonings
 16886 | D:15     | Reached XP level 15. HP: 35/117 MP: 13/21
 16889 | D:15     | Got a brightly glowing shield {god gift}
 17158 | D:15     | Identified the +3 shield "Pesui" {rElec Str-3 Int+3 Dex+4} (Okawaru gifted it to you on level 15 of the Dungeon)
 17485 | D:15     | Found a staircase to the Depths.
 17663 | Lair:1   | Entered Level 1 of the Lair of Beasts
 19305 | Lair:3   | Reached skill level 11 in Fighting
 20055 | Lair:3   | Reached skill level 15 in Maces & Flails
 20245 | Lair:3   | Reached skill level 10 in Invocations
 20372 | Lair:3   | Received a gift from Okawaru
 20381 | Lair:3   | Got an ichor-stained plate armour {god gift}
 20392 | Lair:3   | Identified the +7 plate armour of Umei {rC+} (Okawaru gifted it to you on level 3 of the Lair of Beasts)
 20649 | Lair:4   | Found a hole to the Spider Nest.
 20818 | Lair:4   | Got a brightly glowing pewter ring
 20915 | Lair:4   | Found a staircase to the Shoals.
 21586 | Lair:5   | Reached XP level 16. HP: 125/126 MP: 23/23
 21698 | Lair:5   | Found a staircase to the Slime Pits.
 22282 | Lair:6   | Entered Level 6 of the Lair of Beasts
 22534 | Lair:6   | Found a runed door.
 22535 | Lair:6   | Noticed Gingernuke's ghost (journeyman MiBe)
 22600 | Lair:6   | Received a gift from Okawaru
 22841 | Lair:6   | Reached skill level 12 in Fighting
 23387 | Lair:6   | Found the +4 robe of Augmentation {Str+4 Int+4 Dex+4}
 23603 | Lair:6   | Received a gift from Okawaru
 23884 | Lair:6   | Killed Gingernuke's ghost
 23884 | Lair:6   | Received a gift from Okawaru
 24091 | Orc:1    | Entered Level 1 of the Orcish Mines
 24270 | Orc:1    | Reached XP level 17. HP: 70/135 MP: 22/25
 24938 | Orc:2    | Entered Level 2 of the Orcish Mines
 25509 | Orc:2    | Noticed Blork the orc
 25521 | Orc:2    | Killed Blork the orc
 25724 | Orc:2    | Noticed Nergalle
 25749 | Orc:2    | Killed Nergalle
 25768 | Orc:2    | Found a roughly hewn altar of Beogh.
 25828 | Orc:2    | Found Xyluinn's Antique Weapon Shoppe.
 25943 | Orc:2    | Found Bued Cep's General Store.
 25949 | Orc:2    | Bought a ration for 85 gold pieces
 25979 | Orc:2    | Found a staircase to the Elven Halls.
 26077 | Orc:2    | Found Gutefea's Food Emporium.
 26084 | Orc:2    | Bought a ration for 60 gold pieces
 26084 | Orc:2    | Bought a ration for 60 gold pieces
 26084 | Orc:2    | Bought a ration for 60 gold pieces
 26084 | Orc:2    | Bought a ration for 60 gold pieces
 26084 | Orc:2    | Bought a ration for 60 gold pieces
 26084 | Orc:2    | Bought a ration for 60 gold pieces
 26084 | Orc:2    | Bought a ration for 60 gold pieces
 26084 | Orc:2    | Bought a ration for 60 gold pieces
 26084 | Orc:2    | Bought a ration for 60 gold pieces
 26084 | Orc:2    | Bought a ration for 60 gold pieces
 26084 | Orc:2    | Bought a ration for 60 gold pieces
 26084 | Orc:2    | Bought a ration for 60 gold pieces
 26295 | Orc:2    | Found Abiliaqa's Book Shoppe.
 26301 | Orc:2    | Bought a book of Transfigurations for 660 gold pieces
 26305 | Orc:2    | Learned a level 3 spell: Regeneration
 26313 | Orc:2    | Found Efeecuply's Antique Armour Shoppe.
 26322 | Orc:2    | Bought a pair of runed gloves for 262 gold pieces
 26322 | Orc:2    | Bought a pair of embroidered gloves for 262 gold pieces
 26322 | Orc:2    | Bought a pair of boots for 157 gold pieces
 26646 | Spider:1 | Entered Level 1 of the Spider Nest
 26731 | Spider:1 | Identified the ring "Ypalych" {+Fly Slay+3} (You found it on level 4 of the Lair of Beasts)
 27320 | Spider:1 | Reached skill level 13 in Fighting
 28040 | Spider:2 | Received a gift from Okawaru
 28378 | Spider:2 | Reached skill level 14 in Fighting
 29098 | Spider:2 | Reached XP level 18. HP: 125/148 MP: 27/27
 29113 | Spider:2 | Reached skill level 15 in Fighting
 30175 | Spider:3 | Received a gift from Okawaru
 30465 | Spider:3 | Reached skill level 16 in Fighting
 30818 | Spider:4 | Entered Level 4 of the Spider Nest
 31248 | Spider:4 | Reached skill level 17 in Fighting
 31600 | Spider:4 | Received a gift from Okawaru
 32224 | Spider:4 | Reached skill level 18 in Fighting
 32342 | Spider:4 | Reached XP level 19. HP: 107/163 MP: 28/28
 32961 | Spider:4 | Received a gift from Okawaru
 32982 | Spider:4 | Got a transparent flail {god gift}
 32984 | Spider:4 | Identified the +9 flail of Moah {venom, rC+ rN+ MP+9} (Okawaru gifted it to you on level 4 of the Spider Nest)
 33087 | Spider:4 | Got a gossamer rune of Zot
 33282 | Shoals:1 | Entered Level 1 of the Shoals
 33297 | Shoals:1 | Noticed Roxanne
 33330 | Shoals:1 | Killed Roxanne
 33331 | Shoals:1 | Identified Roxanne's Compendium of the Mountains (You took it off Roxanne on level 1 of the Shoals)
 33586 | Shoals:1 | Reached skill level 19 in Fighting
 33831 | Shoals:1 | Found a frozen archway.
 33851 | IceCv    | Entered an ice cave
 34581 | Shoals:2 | Received a gift from Okawaru
 34751 | Shoals:2 | Reached skill level 20 in Fighting
 35014 | Shoals:2 | Found a runed gate.
 35017 | Shoals:2 | Found a runed gate.
 35017 | Shoals:2 | Found an opulent altar of Gozag.
 35017 | Shoals:2 | Found a runed gate.
 35066 | Shoals:2 | Found Vath's Assorted Antiques.
 35068 | Shoals:2 | Noticed Ceil's ghost (journeyman HaHu)
 35262 | Shoals:2 | Found Imel's Assorted Antiques.
 35319 | Shoals:2 | Killed Ceil's ghost
 35353 | Shoals:2 | Bought a scroll of identify for 64 gold pieces
 35353 | Shoals:2 | Bought a scroll of identify for 64 gold pieces
 35353 | Shoals:2 | Bought a scroll of teleportation for 96 gold pieces
 35353 | Shoals:2 | Bought a potion of flight for 96 gold pieces
 35353 | Shoals:2 | Bought a scroll of teleportation for 96 gold pieces
 35353 | Shoals:2 | Bought a scroll of identify for 64 gold pieces
 35353 | Shoals:2 | Bought a scroll of identify for 64 gold pieces
 35353 | Shoals:2 | Bought a scroll labeled VOYTOI ZAVIUPI for 32 gold pieces
 35384 | Shoals:2 | Bought a lumpy ruby amulet for 140 gold pieces
 36034 | Shoals:3 | Reached XP level 20. HP: 89/178 MP: 29/29
 36086 | Shoals:3 | Reached skill level 21 in Fighting
 36904 | Shoals:4 | Entered Level 4 of the Shoals
 37374 | Shoals:4 | Noticed Kirke
 37393 | Shoals:4 | Killed Kirke
 37486 | Shoals:4 | Received a gift from Okawaru
 38399 | Shoals:4 | Reached skill level 22 in Fighting
 38448 | Shoals:4 | Got a barnacled rune of Zot
 38669 | Vaults:1 | Entered Level 1 of the Vaults
 38674 | Vaults:1 | Found Wetil's Magic Scroll Shoppe.
 38960 | Vaults:1 | Bought a scroll of fear for 49 gold pieces
 38960 | Vaults:1 | Bought a scroll of magic mapping for 49 gold pieces
 38960 | Vaults:1 | Bought a scroll of identify for 28 gold pieces
 38960 | Vaults:1 | Bought a scroll of enchant armour for 105 gold pieces
 39495 | Vaults:1 | Reached XP level 21. HP: 188/191 MP: 30/30
 39807 | Vaults:1 | Received a gift from Okawaru
 40035 | Vaults:1 | Reached skill level 1 in Dodging
 40410 | Vaults:2 | Reached skill level 5 in Dodging
 41292 | Vaults:2 | Found a roughly hewn altar of Beogh.
 41337 | Vaults:2 | Received a gift from Okawaru
 41654 | Vaults:3 | Noticed Boris
 41674 | Vaults:3 | Killed Boris
 42031 | Vaults:3 | Found a staircase to the Crypt.
 42537 | Vaults:3 | Reached skill level 23 in Fighting
 42632 | Vaults:3 | Received a gift from Okawaru
 42632 | Vaults:3 | Reached XP level 22. HP: 172/200 MP: 31/31
 42776 | Vaults:3 | Noticed Jorgrun
 42796 | Vaults:3 | Killed Jorgrun
 43631 | Vaults:4 | Found a ruined gateway.
 43719 | Desolati | Entered the Desolation of Salt
 43898 | Desolati | Found the +8 trident of the Octopus King {venom, rElec rPois MR+}
 43939 | Desolati | Received a gift from Okawaru
 43998 | Desolati | Identified Piddor's Disquisition on Cloudy Enchantment
 44975 | Desolati | Identified Sif Muna's Papyrus of Battle Magic
 45081 | Vaults:4 | Got a clouded brass ring
 45443 | Vaults:4 | Identified the ring "Nuitzu" {rF+ rN+ Dex+2} (You found it on level 4 of the Vaults)
 45939 | Vaults:5 | Entered Level 5 of the Vaults
 45998 | Vaults:4 | Reached XP level 23. HP: 160/207 MP: 33/33
 46040 | Vaults:4 | Received a gift from Okawaru
 46070 | Vaults:4 | Cast into level 5 of the Abyss (a distortion unwield)
 46070 | Abyss:5  | Entered Level 5 of the Abyss
 46360 | Abyss:5  | Found a corrupted altar of Lugonu.
 46396 | Abyss:5  | HP: 7/207 [raiju/living lightning (19)]
 46399 | Abyss:5  | HP: 2/207 [raiju/living lightning (6)]
 46399 | Abyss:5  | Killed from afar by a raiju

Vault maps used:
D:1:      sevenhm_arrival_forest_fort_small_4
D:2:      lemuel_crystal_altar, st_stairs_13, uniq_jessica
D:3:      kennysheep_okawaru_gauntlet, uniq_natasha, uniq_terence
D:4:      first_ration
D:5:      grunt_ministairs_9
D:6:      minmay_flawed_box, minmay_temple_entry_glass, uniq_eustachio
D:8:      uniq_joseph, uniq_erica
D:9:      zombieorc1_lemuel, basic_altar, hangedman_little_slice_of_home,
          minivault_27, grunt_ministairs_8
D:11:     lair_entry_dummy, uniq_snorg
D:12:     minmay_misc_feat_pillars, nicolae_ashenzari_panopticon, uniq_psyche,
          uniq_rupert
D:13:     erik_vaults_2, basic_altar, lemuel_centaur_altar, uniq_frances
D:14:     lemuel_bear_cage, infiniplex_staircase_zigzag_4
D:15:     grunt_enter_depths_magical_seal, serial_shops, shop,
          nicolae_shop_stone, shop, shop, basic_altar, minmay_misc_feat_doors,
          uniq_louise
Lair:2:   special_room, beast_lair_carwin_6
Lair:3:   hibernation_bobbens, infiniplex_staircase_pool_2,
          minmay_lair_oklob_chamber
Lair:4:   minmay_shoals_entry_hut, nicolae_spider_entry_non_spiders,
          hangedman_lair_generics_rect, grunt_megastairs_2
Lair:5:   slime_dummy, minmay_lair_oklob_items, grunt_megastairs_5
Lair:6:   hangedman_lair_in_review, guppyfry_lair_end_dragon,
          ebering_ghost_funeral_grove
Shoals:1: cheibrodos_shoals_oceanic_diplomacy,
          portal_ice_cave_entry_frozen_things, uniq_roxanne
Shoals:2: cheibrodos_shoals_epimethial_gifts, ebering_ghost_gozag
Shoals:4: shoals_end_simple, ebering_ghost_xom, uniq_kirke
Spider:2: nicolae_spider_cling_ruins
Spider:4: spider_rune_water
Orc:2:    grunt_orc_cross, serial_shops, shop
Vaults:1: v_rooms_6, ontoclasm_vaults_ring_square,
          nicolae_vaults_three_branches, grunt_vaults_trifunnel,
          v_alt_pattern_5, v_misc_24, vaults_room_stairs_pillars,
          nicolae_vaults_circle_grid_a, v_misc_11, v_misc_22, vaults_room_pools,
          vaults_room_pools, vaults_dpeg_diagonal, vaults_room_pool,
          serial_shops, shop
Vaults:2: ontoclasm_vaults_claustrophobia, special_room_vaults,
          vaults_dpeg_ring, nicolae_vaults_little_squares_3,
          nicolae_vaults_network_square, nicolae_vaults_hallways_thing,
          vaults_room_fours, v_misc_12, nicolae_vaults_little_squares_2,
          vaults_dpeg_hooks, hangedman_vaults_cutoff, v_misc_29, v_misc_5
Vaults:3: minmay_crypt_entry_simple_sparse, v_misc_2,
          nicolae_vaults_ring_of_whatevers, ontoclasm_vaults_gateway,
          ontoclasm_vaults_decontamination, nicolae_vaults_circle_grid_a,
          st_lines, v_misc_22, nicolae_vaults_rhombus_6, v_rooms_3,
          uniq_jorgrun, uniq_boris
Vaults:4: nicolae_vaults_asterisk, grunt_vaults_funnel, v_misc_8,
          portal_desolation_entry_nicolae_nacl
Abyss:5:  evilmike_abyss_exit_4, hangedman_abyss_or_decor_jellyfish_corner,
          evilmike_abyss_rune_ettins, hangedman_abyss_overflow_altar
IceCv:    ice_cave_small_demon

Skill      XL: |  1  2  3  4  5  6  7  8  9 10 11 12 13 14 15 16 17 18 19 20 21 22 23 |
---------------+----------------------------------------------------------------------+-----
Shields        | 4 5 6 7 9 10 11 13 16 17 18 | 18.6
Maces & Flails | 3 4 5 6 8 9 10 11 12 13 14 15 16 17 18 19 | 19.0
Fighting       | 4 5 6 7 9 10 11 12 14 18 20 22 23 | 23.4
Armour         | 4 5 6 7 9 10 11 12 13 14 | 14.1
Invocations    | 4 8 9 10 11 12 13 | 13.6
Spellcasting   | 1 |  1.4
Summonings     | 1 |  1.5
Dodging        | 7 |  7.7

Action                   |  1- 3 |  4- 6 |  7- 9 | 10-12 | 13-15 | 16-18 | 19-21 | 22-24 || total
-------------------------+-------+-------+-------+-------+-------+-------+-------+-------++-------
Melee: Flail             |   101 |   213 |   408 |       |       |       |  1764 |   178 ||  2664
       Whip              |       |    33 |       |       |       |       |       |       ||    33
       Morningstar       |       |       |   110 |   789 |  1066 |   560 |       |       ||  2525
       Great mace        |       |       |       |   117 |   188 |  1342 |   337 |   573 ||  2557
       Dire flail        |       |       |       |       |       |       |    13 |    67 ||    80
Invok: Heroism           |       |       |     8 |    16 |    21 |    36 |    21 |     5 ||   107
       Finesse           |       |       |       |     2 |     6 |     9 |     8 |     5 ||    30
 Abil: Dig               |       |       |     2 |     1 |     4 |    10 |     2 |       ||    19
       Shaft Self        |       |       |     1 |       |       |       |       |       ||     1
Evoke: Lightning rod     |       |       |       |     4 |     4 |     2 |       |       ||    10
       Wand              |       |       |       |       |       |     1 |       |       ||     1
  Use: Scroll            |       |     6 |     2 |       |    18 |    13 |    12 |    10 ||    61
       Potion            |       |     1 |       |       |     1 |    15 |     6 |     4 ||    27
 Stab: Petrified         |       |       |       |       |     4 |       |       |       ||     4
       Sleeping          |       |       |       |       |     4 |       |       |       ||     4
       Confused          |       |       |       |       |       |     1 |       |       ||     1
       Invisible         |       |       |       |       |       |     1 |       |     4 ||     5
  Eat: Chunk             |     1 |     7 |     8 |    21 |    18 |    12 |     4 |     2 ||    73
       Ration            |       |       |     1 |     6 |     2 |     8 |    14 |     5 ||    36
Armor: Scale mail        |    42 |    23 |       |       |       |       |       |       ||    65
       Chain mail        |       |    68 |   114 |    40 |       |       |       |       ||   222
       Plate armour      |       |       |       |   142 |   236 |   754 |   559 |   184 ||  1875
       Shadow dragon sca |       |       |       |       |   117 |       |       |       ||   117
Dodge: Dodged            |    35 |    75 |    89 |   123 |   153 |   371 |   285 |   145 ||  1276
Block: Shield            |    57 |   185 |   387 |   638 |   131 |       |       |       ||  1398
       Buckler           |       |     1 |       |       |       |       |       |       ||     1
       Reflection        |       |     1 |     6 |    22 |    34 |    24 |   212 |    44 ||   343
       Large shield      |       |       |       |       |  1293 |  2871 |  2596 |   913 ||  7673

Table legend:
 A = Spawn XP
 B = Non-spawn XP
 C = Spawn XP percentage of total XP
 D = Spawn monster count
 E = Non-spawn monster count
 F = Spawn count percentage of total count
 G = Total turns spent on level
                    A         B        C        D         E        F      G
               +---------+---------+-------+---------+---------+-------+---------
         Total |   15375 |  605868 |   2.5 |      31 |    1712 |   1.8 | 46399
               +---------+---------+-------+---------+---------+-------+---------
           D:1 |       0 |      10 |   0.0 |       0 |       6 |   0.0 |   399
           D:2 |       0 |     111 |   0.0 |       0 |      25 |   0.0 |  1267
           D:3 |       0 |     280 |   0.0 |       0 |      33 |   0.0 |  1398
           D:4 |       0 |     459 |   0.0 |       0 |      16 |   0.0 |   746
           D:5 |       0 |     739 |   0.0 |       0 |      23 |   0.0 |   961
           D:6 |       0 |    2063 |   0.0 |       0 |      37 |   0.0 |  1001
           D:7 |       0 |    1084 |   0.0 |       0 |      29 |   0.0 |  1349
           D:8 |       0 |    2722 |   0.0 |       0 |      38 |   0.0 |  1233
           D:9 |       0 |    4928 |   0.0 |       0 |      73 |   0.0 |  1491
          D:10 |       0 |    1854 |   0.0 |       0 |      24 |   0.0 |   812
          D:11 |       0 |    4730 |   0.0 |       0 |      35 |   0.0 |  1084
          D:12 |       0 |    7215 |   0.0 |       0 |      23 |   0.0 |  1122
          D:13 |       0 |   20491 |   0.0 |       0 |      52 |   0.0 |  1832
          D:14 |       0 |   11102 |   0.0 |       0 |      41 |   0.0 |  1490
          D:15 |       0 |   18966 |   0.0 |       0 |      53 |   0.0 |  1746
        Lair:1 |       0 |    1838 |   0.0 |       0 |       9 |   0.0 |   788
        Lair:2 |       0 |    5370 |   0.0 |       0 |      42 |   0.0 |   944
        Lair:3 |       0 |   13881 |   0.0 |       0 |      45 |   0.0 |  1274
        Lair:4 |       0 |   10479 |   0.0 |       0 |      39 |   0.0 |  1458
        Lair:5 |       0 |    5361 |   0.0 |       0 |      18 |   0.0 |   732
        Lair:6 |       0 |   33530 |   0.0 |       0 |      82 |   0.0 |  1631
      Shoals:1 |       0 |   11535 |   0.0 |       0 |      23 |   0.0 |   806
      Shoals:2 |       0 |   27841 |   0.0 |       0 |      56 |   0.0 |  1223
      Shoals:3 |       0 |   23163 |   0.0 |       0 |      44 |   0.0 |  2202
      Shoals:4 |       0 |   27554 |   0.0 |       0 |      50 |   0.0 |   662
      Spider:1 |       0 |   16107 |   0.0 |       0 |      43 |   0.0 |  1053
      Spider:2 |       0 |   27738 |   0.0 |       0 |      68 |   0.0 |  2116
      Spider:3 |       0 |   12398 |   0.0 |       0 |      36 |   0.0 |   747
      Spider:4 |       0 |   49673 |   0.0 |       0 |     107 |   0.0 |  2368
         Orc:1 |       0 |   10903 |   0.0 |       0 |      48 |   0.0 |   850
         Orc:2 |       0 |   13112 |   0.0 |       0 |      76 |   0.0 |  1555
      Vaults:1 |       0 |   61882 |   0.0 |       0 |     105 |   0.0 |  1581
      Vaults:2 |       0 |   35039 |   0.0 |       0 |      82 |   0.0 |  1361
      Vaults:3 |       0 |   45040 |   0.0 |       0 |      51 |   0.0 |  1841
      Vaults:4 |       0 |   45301 |   0.0 |       0 |      64 |   0.0 |  1314
       Abyss:5 |   15375 |     888 |  94.5 |      31 |       4 |  88.6 |   329
         IceCv |       0 |    6606 |   0.0 |       0 |      32 |   0.0 |   329
    Desolation |       0 |   43875 |   0.0 |       0 |      80 |   0.0 |  1297
               +---------+---------+-------+---------+---------+-------+---------
